 Dungeon Crawl Stone Soup version 0.17.1-2-g5865329 (webtiles) character file.

71 Glider the Ruffian (level 4, -2/38 HPs)
             Began as a Centaur Monk on Jan 24, 2016.
             Slain by Crazy Yiuf
             ... wielding a +2 quarterstaff of chaos
              (3 damage)
             ... on level 2 of the Dungeon.
             The game lasted 00:08:05 (3023 turns).

Glider the Ruffian (Centaur Monk)                   Turns: 3023, Time: 00:08:05

Health: -2/38      AC:  4    Str: 14    XL:     4   Next: 5%
Magic:  4/4        EV: 10    Int:  9    God:
Gold:   99         SH:  0    Dex: 12    Spells: 0 memorised, 3 levels left

rFire  . . .     SeeInvis .       - Unarmed
rCold  . . .     Clarity  .     a - +0 robe
rNeg   . . .     SustAt   .     (no shield)
rPois  .         Gourm    .     (no helmet)
rElec  .         Spirit   .     (no cloak)
rCorr  .         Warding  .     (no gloves)
rMut   .         Stasis   .     (no barding)
MR     .....                    (no amulet)
Stlth  +.........               (no ring)
                                i - ring of wizardry

@: drained, very quick, not resistant to hostile enchantments, very unstealthy
A: hooves 3, deformed body, speed 2, tough skin 3
a: no special abilities


You were on level 2 of the Dungeon.
You were not hungry.

You visited 1 branch of the dungeon, and saw 2 of its levels.

You collected 99 gold pieces.

Inventory:

Missiles
 m - 35 arrows
Armour
 a - a +0 robe (worn)
Jewellery
 i - a ring of wizardry (left hand)
Scrolls
 d - a scroll of fear {unknown}
 f - 2 scrolls of amnesia {unknown}
 g - a scroll of recharging {unknown}
 h - a scroll of identify {unknown}
 k - a scroll of enchant weapon {unknown}
 l - a scroll of remove curse {unknown}
Potions
 o - a potion of curing {unknown}
Comestibles
 b - 4 bread rations
 c - a slice of pizza
 j - a royal jelly
 n - a chunk of flesh


   Skills:
 - Level 3.0(2.9) Fighting
 - Level 2.1 Dodging
 - Level 1.2(1.1) Stealth
 * Level 5.6(5.5) Unarmed Combat


You had 3 spell levels left.
You didn't know any spells.

Dungeon Overview and Level Annotations

Branches:
Dungeon (2/15)

Altars:
Trog

Annotations:
D:2 Crazy Yiuf, Robin


Innate Abilities, Weirdness & Mutations

You have hooves in place of feet.
Armour fits poorly on your strangely shaped body.
You cover ground very quickly.
You have extremely tough skin (AC +3).


Message History

Crazy Yiuf is severely wounded.
Crazy Yiuf grits, "Ghoul Orb Guardian stair!"
Crazy Yiuf hits you with a quarterstaff of chaos.
You hit Crazy Yiuf but do no damage. You kick Crazy Yiuf, but do no damage.
Crazy Yiuf is severely wounded.
Crazy Yiuf barely misses you.
You hit Crazy Yiuf. Your kick misses Crazy Yiuf.
Crazy Yiuf is almost dead.
You hit Crazy Yiuf.
Crazy Yiuf is almost dead.
Crazy Yiuf hits you with a quarterstaff of chaos!
* * * LOW HITPOINT WARNING * * *
x2 You barely miss Crazy Yiuf.
Crazy Yiuf is almost dead.
Crazy Yiuf hits you with a quarterstaff of chaos.
* * * LOW HITPOINT WARNING * * *
x2 You closely miss Crazy Yiuf.
Crazy Yiuf is almost dead.
Crazy Yiuf hits you with a quarterstaff of chaos.
You die...

......#####.##....##.K...#.#
.####.#####..##'####.....#K#
....#....###.##.# #.#####(#####
....#....# #..#.# #K# #...K...##
....#....# ##.#.####.###........(
_........####.........##..g....#.
....#....'.................g.....
....#....#####..####..##.........
....#.#### #...@g.........<#'#..
.####.#### #.#.####..#######.#..
.........# #.#.. #..# #....
########.# #.##.###..# #....
.......#)# #.##..##..# #....
####...#.# #........g# #####
#.##...#.# #####.##.## #
..#......########.##K###### #
#.###..####.......##......#


You could see Crazy Yiuf.

Vanquished Creatures
  2 oozes
  3 worms (D:2)
  2 giant geckos
  A ball python (D:1)
  7 giant cockroaches
  14 goblins
  7 hobgoblins
  2 kobolds
  6 bats
  3 giant newts (D:2)
  3 rats (D:2)
50 creatures vanquished.

Notes
Turn   | Place    | Note
--------------------------------------------------------------
     0 | D:1      | Glider the Centaur Monk began the quest for the Orb.
     0 | D:1      | Reached XP level 1. HP: 19/19 MP: 1/1
   248 | D:1      | Reached XP level 2. HP: 26/26 MP: 2/2
   534 | D:1      | Reached skill level 5 in Unarmed Combat
   534 | D:1      | Reached XP level 3. HP: 31/31 MP: 3/3
  1134 | D:2      | Noticed Crazy Yiuf
  1640 | D:2      | Found a bloodstained altar of Trog.
  2240 | D:2      | Noticed Robin
  2324 | D:2      | HP: 1/31 [poisoned by Robin]
  2699 | D:2      | Reached XP level 4. HP: 34/38 MP: 4/4
  3022 | D:2      | HP: 1/38 [Crazy Yiuf/quarterstaff of chaos (1)]
  3023 | D:2      | Slain by Crazy Yiuf

Action                   |  1- 3 |  4- 6 || total
-------------------------+-------+-------++-------
Melee: Unarmed           |   158 |    13 ||   171
  Use: Potion            |     1 |       ||     1
  Eat: Chunk             |     5 |     1 ||     6
